 Dungeon Crawl Stone Soup version 0.29.1-13-g9f3cf754e1 (webtiles) character file.

Game seed: 191894727115382418

91 booth the Chopper (level 4, -4/33 HPs)
             Began as a Demonspawn Gladiator on Jan 19, 2023.
             Killed from afar by Natasha (13 damage)
             ... with a bolt of light
             ... on level 2 of the Dungeon.
             The game lasted 00:08:56 (1736 turns).

booth the Chopper (Demonspawn Gladiator)            Turns: 1736, Time: 00:08:56

Health: -4/33      AC:  5    Str: 16    XL:     4   Next: 33%
Magic:  4/4        EV: 12    Int:  9    God:
Gold:   71         SH:  0    Dex: 15    Spells: 3/3 levels left

rFire   . . .      SeeInvis .   a - +0 war axe
rCold   . . .      Faith    .   (no shield)
rNeg    . . .      Spirit   .   b - +0 leather armour
rPois   .          Reflect  .   (helmet restricted)
rElec   .          Harm     .   (no cloak)
rCorr   .          Rampage  .   (no gloves)
Will    .....                   (no boots)
Stlth   +.........              (no amulet)
HPRegen 0.11/turn               (no ring)
MPRegen 0.09/turn               (no ring)

@: slowed, very slow
A: antennae 1, slimy green scales 1
a: no special abilities


You were on level 2 of the Dungeon.
You visited 1 branch of the dungeon, and saw 2 of its levels.

You collected 71 gold pieces.

Inventory:

Hand Weapons
 a - a +0 war axe (weapon)
Missiles
 d - 3 throwing nets (quivered)
 e - a javelin
Armour
 b - a +0 leather armour (worn)
 f - a +0 ring mail
Potions
 g - a potion of magic {unknown}
 i - a potion of cancellation {unknown}
 j - a potion of resistance
 k - a potion of curing {unknown}
 l - a potion of haste {unknown}
 n - a potion of mutation {unknown}
 o - a potion of degeneration {unknown}
 p - a potion of heal wounds


   Skills:
 + Level 2.2 Fighting
 * Level 4.3 Axes
 + Level 1.8 Throwing
 + Level 0.7 Armour
 + Level 2.9 Dodging


You had 3 spell levels left.
You didn't know any spells.
Your spell library contained the following spells:

 Spells                   Type           Power      Damage    Failure   Level
 Dazzling Flash           Conj/Hex       0%         N/A       83%         3
 Iskenderun's Mystic Bla  Conj/Tloc      0%         2d3       99%         4
 Starburst                Conj/Fire      0%         6d3       100%        6


Dungeon Overview and Level Annotations

Branches:
Dungeon (2/15)

Altars:

Annotations:
D:2 Natasha


Innate Abilities, Weirdness & Mutations

You have a pair of small antennae on your head.
You are partially covered in slimy green scales. (AC +2)


Message History

Found a stone staircase leading up.
The goblin shoots a sling bullet.
The sling bullet hits you.
The goblin shoots a sling bullet.
The sling bullet closely misses you. Natasha claws you.
The goblin shoots a sling bullet.
The sling bullet barely misses you.
You closely miss Natasha. Natasha claws you but does no damage.
The goblin shoots a sling bullet.
The sling bullet hits you but does no damage.
Natasha casts a spell at you.
You feel yourself slow down.
You closely miss Natasha.
The goblin shoots a sling bullet.
The sling bullet hits you.
Natasha zaps a wand.
The bolt of light hits you!
You are confused.
Ouch! That really hurt!
* * * LOW HITPOINT WARNING * * *
The goblin shoots a sling bullet.
The sling bullet hits you but does no damage.
Natasha completely misses you.
You bump into the rock wall.
Natasha zaps a wand.
The bolt of light misses you.
The goblin shoots a sling bullet.
The sling bullet hits you but does no damage.
You slash Natasha!
Natasha is severely wounded.
You feel less confused.
Natasha stares at you and mumbles some strange words.
You feel as though you will be slow longer.
The goblin shoots a sling bullet.
The sling bullet completely misses you.
Natasha stares at you and mumbles some strange words.
You feel as though you will be slow longer.
The goblin shoots a sling bullet.
The sling bullet hits you but does no damage.
Natasha claws you but does no damage.
Natasha mewls in sadness.
Natasha stares at you and mumbles some strange words.
You resist with some effort. Natasha closely misses you.
Natasha barely misses you.
You completely miss Natasha.
Natasha is severely wounded.
Natasha closely misses you.
Natasha zaps a wand.
The bolt of light hits you!
You die...

...####...#####..P♣
..................
#..#<.............
..................
#..#..#.########..
#..#..# #.........
#.....#.#.........
#.#...#.#.........
#@#.....#.........
#h#....##.........
#g<....##.........
#......##.........
...####......#..........
.............#.#........
........#....#.#........
..#######......#........
#...#......##########


You could see Natasha and a goblin.

Vanquished Creatures
  Natasha (twice) (D:2)
  2 dart slugs (D:1)
  4 bats
  2 endoplasms (D:1)
  A giant cockroach (D:1)
  8 hobgoblins
  3 kobolds (D:1)
  8 ball pythons
  10 rats
40 creatures vanquished.

Vanquished Creatures (others)
  A plant (D:2)
1 creature vanquished.

Grand Total: 41 creatures vanquished

Notes
Turn   | Place    | Note
-------+----------+-------------------------------------------
     0 | D:1      | booth the Demonspawn Gladiator began the quest for the Orb.
     0 | D:1      | Reached XP level 1. HP: 16/16 MP: 1/1
    87 | D:1      | Reached skill level 3 in Axes
    94 | D:1      | Gained mutation: You are partially covered in slimy green
                  | scales. (AC +2) [demonic ancestry]
    94 | D:1      | Reached XP level 2. HP: 21/22 MP: 2/2
   399 | D:1      | Reached XP level 3. HP: 27/27 MP: 3/3
  1197 | D:2      | Found a faded altar of an unknown god.
  1282 | D:2      | Noticed Natasha
  1296 | D:2      | Killed Natasha
  1297 | D:2      | Reached skill level 4 in Axes
  1347 | D:2      | Noticed Natasha
  1359 | D:2      | Killed Natasha
  1360 | D:2      | Gained mutation: You have a pair of small antennae on your
                  | head. [demonic ancestry]
  1360 | D:2      | Reached XP level 4. HP: 2/33 MP: 4/4
  1720 | D:2      | Noticed Natasha
  1736 | D:2      | Killed from afar by Natasha

Illustrated notes

Levels and vault maps discovered:
D:1:      scummos_arrival_forest, layout_loops_ring
D:2:      layout_basic, serial_shops, nicolae_shop_window_shopping,
          dreamdust_ecumenical_altar_grove, serial_bayou_ford_a,
          roderic_malta_cross, minmay_cupped, uniq_natasha

Skill      XL: |  1  2  3 |
---------------+----------+-----
Axes           | 3 4 |  4.3
Fighting       | |  2.2
Throwing       | |  1.8
Armour         | |  0.7
Dodging        | |  2.9

Action                   |  1- 3 |  4- 6 || total
-------------------------+-------+-------++-------
Melee: War axe           |    99 |     4 ||   103
  Use: Potion            |       |     3 ||     3
       Scroll            |       |     2 ||     2
Armor: Leather armour    |    50 |     6 ||    56
Dodge: Dodged            |    74 |     9 ||    83
